 Dungeon Crawl Stone Soup version 0.26-a0-393-g67388ea477 (webtiles) character file.

Game seed: 18440315254455079051

95990 KristoblXynda the Fencer (level 15, -10/132 HPs)
             Began as a Purple Draconian Berserker on July 22, 2020.
             Was the Champion of Trog.
             Mangled by Agnes
             ... wielding a +0 lajatang
              (15 damage)
             ... on level 14 of the Dungeon.
             The game lasted 01:00:29 (31285 turns).

KristoblXynda the Fencer (DrBe)                    Turns: 31285, Time: 01:00:29

Health: -10/132    AC: 13    Str: 26    XL:     15   Next: 67%
Magic:  24/24      EV: 19    Int: 18    God:    Trog [******]
Gold:   1395       SH:  5    Dex: 11    Spells: 14/14 levels left

rFire    + . .     SeeInvis +   I - +6 scimitar (flame)
rCold    . . .     Faith    .   w - +0 buckler
rNeg     + . .     Spirit   .   (armour unavailable)
rPois    +         Reflect  .   D - +1 hat
rElec    .         Harm     .   c - +0 cloak
rCorr    .                      e - +1 pair of gloves
MR       ++...                  (no boots)
Stlth    ++++......             O - amulet of Happiness {*Corrode rF+ Regen+ Int+3 SInv}
HPRegen  0.72/turn              f - +6 ring of strength
MPRegen  0.19/turn              v - ring "Gifilot" {rPois rN+ MP+9 Int+2 Stlth+}

@: about to teleport, berserk cooldown, very slightly contaminated, slowed,
lightly drained, very slow
A: breathe power, unfitting armour, cold-blooded, AC +9
a: Breathe Dispelling Energy, Berserk, Trog's Hand, Brothers in Arms, Renounce
Religion


You were on level 14 of the Dungeon.
You worshipped Trog.
Trog was exalted by your worship.
You visited 4 branches of the dungeon, and saw 23 of its levels.
You also visited: Gauntlet.

You collected 2023 gold pieces.
You spent 628 gold pieces at shops.

Inventory:

Hand Weapons
 I - a +6 scimitar of flaming (weapon)
Missiles
 a - 7 silver javelins
 k - a throwing net (quivered)
 q - 23 javelins
Armour
 c - a +0 cloak (worn)
 e - a +1 pair of gloves (worn)
 w - a +0 buckler (worn)
 D - a +1 hat (worn)
Jewellery
 f - a +6 ring of strength (left hand)
 p - an uncursed ring of protection from fire
 v - the ring "Gifilot" (right hand) {rPois rN+ MP+9 Int+2 Stlth+}
   (You bought it in a shop on level 2 of the Orcish Mines)

   [ring of poison resistance]

   It affects your intelligence (+2).
   It protects you from poison.
   It protects you from negative energy.
   It affects your magic capacity (+9).
   It makes you more stealthy.
 z - the ring of Conformity {rF+ rN+}
   (You found it on level 6 of the Lair of Beasts)

   [ring of positive energy]

   It protects you from fire.
   It protects you from negative energy.
 O - the amulet of Happiness (around neck) {*Corrode rF+ Regen+ Int+3 SInv}
   (You found it in a Gauntlet)

   [amulet of regeneration]

   It affects your intelligence (+3).
   It protects you from fire.
   It lets you see invisible.
   It increases your rate of regeneration.
   It may corrode you when you take damage.
Wands
 A - a wand of disintegration (38)
 B - a wand of digging (5)
 C - a wand of clouds (4)
 E - a wand of acid (27)
 F - a wand of paralysis (14)
 P - a wand of iceblast (10)
Scrolls
 d - 7 scrolls of teleportation
 h - a scroll of fear
 i - 4 scrolls of magic mapping
 j - 6 scrolls of remove curse
 m - 4 scrolls of enchant armour
 r - 5 scrolls of amnesia
 x - a scroll of holy word
 y - a scroll of immolation
 J - 2 scrolls of vulnerability
 M - 4 scrolls of fog
 Q - 3 scrolls of identify
 R - a scroll of enchant weapon
Potions
 b - 2 potions of mutation
 g - 3 potions of flight
 n - 2 potions of brilliance
 o - 5 potions of resistance
 s - a potion of ambrosia
 t - 4 potions of heal wounds
 u - 8 potions of haste
 G - a potion of berserk rage
 H - a potion of magic
 K - 5 potions of curing
 L - 4 potions of might
 N - 4 potions of cancellation
 T - a potion of lignification
 W - a potion of invisibility
Miscellaneous
 l - a box of beasts
 S - a phial of floods


   Skills:
 - Level 12.1(12.0) Fighting
 + Level 16.0(15.9) Long Blades
 - Level 6.4 Throwing
 + Level 13.5 Dodging
 - Level 5.0 Stealth
 + Level 7.6 Shields
 - Level 10.3(10.2) Evocations


You had 14 spell levels left.
You didn't know any spells.
Your spell library contained the following spells:

 Spells                   Type           Power        Failure   Level
 Foxfire                  Conj/Fire      #...         22%         1
 Shock                    Conj/Air       #...         22%         1
 Sublimation of Blood     Necr           #.........   32%         2
 Swiftness                Air            #.......     32%         2
 Conjure Flame            Conj/Fire      #.......     54%         3
 Ignite Poison            Fire/Tmut/Pois #.......     54%         3
 Inner Flame              Hex/Fire       #.......     54%         3
 Portal Projectile        Hex/Tloc       #.....       54%         3
 Static Discharge         Conj/Air       #.......     54%         3
 Airstrike                Air            #.........   91%         4
 Animate Dead             Necr           #.........   91%         4
 Petrify                  Tmut/Erth      #.......     91%         4
 Sticky Flame             Conj/Fire      #.......     91%         4
 Alistair's Intoxication  Tmut/Pois      #........    99%         5
 Borgnjor's Vile Clutch   Necr/Erth      #.........   99%         5
 Fireball                 Conj/Fire      #.........   99%         5
 Irradiate                Conj/Tmut      #.........   99%         5
 Lightning Bolt           Conj/Air       #.........   99%         5
 Summon Forest            Summ/Tloc      #.........   99%         5
 Summon Mana Viper        Hex/Summ       #.......     99%         5
 Death Channel            Necr           #.........   100%        6
 Eringya's Noxious Bog    Tmut/Pois      #.........   100%        6
 Simulacrum               Ice/Necr       #.........   100%        6


Dungeon Overview and Level Annotations

Branches:
Dungeon (14/15)            Temple (1/1) D:5            Lair (6/6) D:10
  Swamp (0/4) Lair:3        Snake (0/4) Lair:3        Slime (0/5) Lair:6
    Orc (2/2) D:11            Elf (0/3) Orc:2        Vaults (0/5) D:13
Gauntlet (visited)

Altars:
Ashenzari
Cheibriados
Dithmenos
Elyvilon
Fedhas
Gozag
Hepliaklqana
Kikubaaqudgha
Makhleb
Nemelex Xobeh
Okawaru
Qazlal
Ru
Sif Muna
Trog
Uskayaw
Vehumet
Wu Jian
Xom
Yredelemnul
Zin
The Shining One
Jiyva

Shops:
Orc:2 (=[*

Annotations:
D:7 1 runed translucent door, voshxx's ghost, novice OpVM
D:9 exclusions: ice statue and orange crystal statue
D:14 Agnes
Lair:5 Veravecs's ghost, journeyman VSWn


Innate Abilities, Weirdness & Mutations

You can breathe bolts of dispelling energy.
Your rich purple scales are hard. (AC +9)
You cannot fit into any form of body armour.
You are cold-blooded and may be slowed by cold attacks.


Message History

You are no longer berserk.
You are exhausted.
You feel yourself slow down. Agnes hits you with a +0 lajatang!
* * * LOW HITPOINT WARNING * * *
Unknown command.
Press: ? - help, Dir - move target cursor, p - Agnes You are very lightly contaminated with residual magic.
As you read the scroll of blinking, it crumbles to dust.
The kobold throws a stone.
The stone hits you but does no damage.
You see here a stone.
As you read the scroll of teleportation, it crumbles to dust.
You feel strangely unstable.
You see here a stone.
The unseen horror hits you but does no damage.
The gargoyle hurls a stone arrow at you.
You block the stone arrow. Agnes hits you with a +0 lajatang!
* * * LOW HITPOINT WARNING * * *
You are no longer corroded.
Agnes hits you with a +0 lajatang!
You die...

....## .....#### .....#..#
#...##..#+# # ##.#..#..#.. #.
........#.# #..###.......#.#
#..#.........#.###.# #.
.#............@.....##...
...............i#####'#...# .
..........<....x(.x.......#..
.................9..........
#...............KK.K......#
.............####.K.....##
.#...........# #....K.K..#
#........)...####..(..#.##
##.##(#...##..# #.....#


You could see Agnes and an unseen horror (invisible).

Vanquished Creatures
  Jorgrun (Orc:1)
  An orc warlord (Orc:2)
  The ghost of Acosmix the Slicer, a journeyman GrFi of Okawaru (Lair:5)
  A slime creature (D:12)
  A minotaur (Gauntlet)
  The ghost of DDDD the Carver, a journeyman MiBe of Trog (Orc:2)
  A death ooze (Gauntlet)
  Josephine (Orc:1)
  Erolcha (Orc:1)
  9 hydras
  A death knight (D:12)
  Erica (D:9)
  A centaur warrior (D:13)
  A catoblepas (Lair:4)
  2 dancing weapons (D:13)
  3 two-headed ogres
  A tengu warrior (D:13)
  Urug (Lair:5)
  Nergalle (D:11)
  5 orc high priests (Orc:2)
  An unseen horror (D:11)
  5 orc knights
  A phantasmal warrior (D:12)
  4 orc sorcerers
  An ugly thing (D:12)
  15 elephants
  3 oklob plants
  A deep elf mage (D:12)
  2 centaur zombies (D:13)
  Joseph (D:7)
  3 black mambas
  Maurice (D:9)
  A gargoyle (D:13)
  A centaur skeleton (D:12)
  Maggie (D:8)
  28 cane toads
  3 rime drakes
  2 freezing wraiths
  5 komodo dragons
  A hellion (Gauntlet)
  A tengu conjurer (D:13)
  A red devil (Gauntlet)
  4 tyrant leeches (Lair:6)
  Prince Ribbit (D:8)
  Grinder (D:3)
  11 trolls
  15 blink frogs
  4 hippogriffs
  65 yaks
  A centaur simulacrum (D:14)
  3 vampires
  9 wraiths
  2 wyverns
  8 shadows
  3 basilisks
  4 fire bats (D:13)
  14 vampire mosquitoes
  5 wargs
  A soldier ant (D:13)
  19 water moccasins
  9 porcupines
  2 hell hounds
  4 black bears
  6 ice beasts
  3 sky beasts
  48 orc warriors
  3 necrophages
  An eye of draining (D:14)
  4 phantoms
  12 wolves
  8 ogres
  8 centaurs
  The ghost of Miritol the Cutter, an amateur KoMo (D:3)
  9 crocodiles
  4 big kobolds
  37 bullfrogs
  A gnoll sergeant (D:6)
  A wyvern zombie (D:6)
  A wyvern skeleton (D:9)
  A scorpion (D:11)
  27 killer bees
  15 wights
  9 howler monkeys
  An electric eel (Lair:6)
  2 lava snakes (D:13)
  A bullfrog skeleton (D:5)
  4 hounds
  37 orc wizards
  30 orc priests
  5 jellies
  4 iguanas
  13 worker ants
  A killer bee zombie (D:6)
  A worker ant zombie (D:7)
  11 gnolls
  2 howler monkey zombies
  16 adders
  A shadow imp (D:8)
  6 white imps
  2 ufetubi
  An ooze (D:3)
  An adder zombie (D:3)
  An adder skeleton (D:4)
  A worm (D:3)
  6 leopard geckos
  110 orcs
  2 ball pythons
  9 bats
  7 giant cockroaches
  5 goblins
  6 hobgoblins
  12 jackals
  36 kobolds
  3 quokkas
  5 frilled lizards
  5 rats
  A fire vortex (D:13)
  A plant (Lair:1)
850 creatures vanquished.

Vanquished Creatures (collateral kills)
  2 freezing wraiths (D:12)
  An orc priest (D:12)
3 creatures vanquished.

Vanquished Creatures (others)
  An ogre (Orc:1)
  A gnoll (D:11)
  2 fire vortices (D:13)
  43 fungi
  55 plants
102 creatures vanquished.

Grand Total: 955 creatures vanquished

Notes
Turn   | Place    | Note
-------+----------+-------------------------------------------
     0 | D:1      | KristoblXynda the Draconian Berserker began the quest for
                  | the Orb.
     0 | D:1      | Reached XP level 1. HP: 19/19 MP: 1/1
   189 | D:1      | Reached XP level 2. HP: 26/26 MP: 2/2
   796 | D:2      | Noticed a phantom
  1016 | D:2      | Reached XP level 3. HP: 33/33 MP: 3/3
  1066 | D:2      | Killed a phantom
  1066 | D:2      | Reached skill level 1 in Throwing
  1066 | D:2      | Reached XP level 4. HP: 5/40 MP: 4/4
  1250 | D:2      | Reached skill level 4 in Long Blades
  1255 | D:2      | Reached XP level 5. HP: 26/46 MP: 5/5
  2452 | D:3      | Noticed Miritol's ghost (amateur KoMo)
  2455 | D:3      | Found a runed translucent door.
  2482 | D:3      | Killed Miritol's ghost
  2482 | D:3      | Reached ** piety under Trog
  2606 | D:3      | Reached XP level 6. HP: 53/53 MP: 6/6
  3184 | D:3      | Noticed Grinder
  3193 | D:3      | Paralysed by Grinder for 5 turns
  3202 | D:3      | Killed Grinder
  3202 | D:3      | Reached skill level 5 in Fighting
  3469 | D:4      | Your scales start taking on a rich purple colour.
  3469 | D:4      | Reached XP level 7. HP: 61/61 MP: 7/7
  3629 | D:4      | Reached *** piety under Trog
  3632 | D:4      | Reached skill level 5 in Long Blades
  4267 | D:4      | Found an ornate altar of the Wu Jian Council.
  4777 | D:5      | Entered Level 5 of the Dungeon
  5137 | D:5      | Reached skill level 5 in Dodging
  5269 | D:5      | Found a bloodstained altar of Trog.
  5272 | D:5      | Reached XP level 8. HP: 69/70 MP: 8/8
  5400 | D:5      | Found a staircase to the Ecumenical Temple.
  5417 | Temple   | Entered the Ecumenical Temple
  6275 | D:6      | Reached skill level 6 in Long Blades
  6477 | D:6      | Reached **** piety under Trog
  6808 | D:6      | Reached skill level 5 in Throwing
  6991 | D:6      | Reached XP level 9. HP: 32/79 MP: 9/9
  7640 | D:6      | Reached skill level 1 in Stealth
  7828 | D:6      | Got a scorched falchion
  7829 | D:6      | Identified the +10 falchion of Makhleb's Fury {antimagic,
                  | rF- Str+7 Dex+3 Stlth+} (You found it on level 6 of the
                  | Dungeon)
  8041 | D:6      | Reached skill level 7 in Long Blades
  8744 | D:7      | Found a runed translucent door.
  8745 | D:7      | Noticed voshxx's ghost (novice OpVM)
  8976 | D:7      | Noticed Joseph
  8994 | D:7      | Killed Joseph
  8994 | D:7      | Reached skill level 1 in Shields
  9375 | D:8      | Reached ***** piety under Trog
  9864 | D:8      | Found a sacrificial altar of Ru.
  9869 | D:8      | Reached XP level 10. HP: 60/90 MP: 3/10
  9991 | D:8      | Noticed Prince Ribbit
  9998 | D:8      | Reached skill level 8 in Long Blades
 10019 | D:8      | Killed Prince Ribbit
 10545 | D:8      | Noticed Maggie
 10555 | D:8      | Killed Maggie
 10832 | D:8      | Found an opulent altar of Gozag.
 11056 | D:9      | Noticed a two-headed ogre
 11078 | D:9      | Killed a two-headed ogre
 11235 | D:9      | Reached skill level 5 in Shields
 11383 | D:9      | Noticed an orange crystal statue
 11393 | D:9      | Reached skill level 9 in Long Blades
 11438 | D:9      | Reached skill level 1 in Evocations
 11730 | D:9      | Found a shattered altar of Ashenzari.
 11819 | D:9      | Reached XP level 11. HP: 61/99 MP: 3/11
 12085 | D:9      | Found a snail-covered altar of Cheibriados.
 12284 | D:9      | Found a shadowy altar of Dithmenos.
 12285 | D:9      | Found a burning altar of Makhleb.
 12618 | D:9      | Reached skill level 10 in Fighting
 13060 | D:9      | Noticed Maurice
 13071 | D:9      | Killed Maurice
 13135 | D:9      | Noticed Erica
 13148 | D:9      | Killed Erica
 13374 | D:10     | Entered Level 10 of the Dungeon
 13748 | D:10     | Found a white marble altar of Elyvilon.
 13867 | D:10     | Found a staircase to the Lair.
 13969 | D:10     | Received a gift from Trog
 13989 | D:10     | Noticed a two-headed ogre
 14153 | D:10     | Killed a two-headed ogre
 14373 | D:10     | Reached skill level 10 in Long Blades
 14603 | D:11     | Killed an unseen horror
 14603 | D:11     | Reached skill level 5 in Evocations
 15156 | D:11     | Found a staircase to the Orcish Mines.
 15614 | D:11     | Reached ****** piety under Trog
 15794 | D:12     | Noticed a red ugly thing
 16190 | Lair:1   | Entered Level 1 of the Lair of Beasts
 16277 | Lair:1   | Reached XP level 12. HP: 82/107 MP: 12/12
 16910 | Lair:1   | Reached skill level 5 in Stealth
 17109 | Lair:1   | Noticed an eight-headed hydra
 17110 | Lair:1   | Noticed a seven-headed hydra
 17124 | Lair:1   | Killed a six-headed hydra
 17128 | Lair:1   | Killed a four-headed hydra
 17285 | Lair:1   | Reached skill level 11 in Long Blades
 17299 | Lair:1   | Reached skill level 10 in Dodging
 17405 | Lair:1   | Got a fading great sword
 17419 | Lair:1   | Identified the cursed +1 great sword of Midsummer {freeze,
                  | rC+ Str+4 Dex+3} (You found it on level 1 of the Lair of
                  | Beasts)
 17593 | Lair:1   | Received a gift from Trog
 17774 | Lair:2   | Found a gate leading to a gauntlet.
 17783 | Gauntlet | Entered a Gauntlet
 17783 | Gauntlet | Found a transporter.
 17783 | Gauntlet | Found a transporter.
 17951 | Gauntlet | Found a transporter.
 17966 | Gauntlet | Found a transporter.
 17980 | Gauntlet | Found a transporter.
 17995 | Gauntlet | Found a transporter.
 18017 | Gauntlet | Found a transporter.
 18086 | Gauntlet | Noticed a death ooze
 18087 | Gauntlet | Found a transporter.
 18102 | Gauntlet | Found a transporter.
 18124 | Gauntlet | Found a transporter.
 18131 | Gauntlet | Found a transporter.
 18150 | Gauntlet | Found a transporter.
 18222 | Gauntlet | Found a transporter.
 18223 | Gauntlet | Found a transporter.
 18232 | Gauntlet | Found a transporter.
 18246 | Gauntlet | Found a transporter.
 18246 | Gauntlet | Noticed an entropy weaver
 18293 | Gauntlet | Killed a death ooze
 18401 | Gauntlet | Got a serpentine ivory amulet
 18404 | Gauntlet | Got a polished long sword
 18405 | Gauntlet | Identified the cursed +0 long sword of Ecset {elec, rPois
                  | Str+9 Int-4} (You found it in a Gauntlet)
 18408 | Gauntlet | Identified the amulet of Happiness {*Corrode rF+ Regen+
                  | Int+3 SInv} (You found it in a Gauntlet)
 18721 | Gauntlet | Identified the +3 hand crossbow of Buen {venom, +Inv rN+
                  | Str-3}
 18721 | Gauntlet | Noticed a minotaur
 18737 | Gauntlet | Killed a minotaur
 18824 | Gauntlet | Identified the Incunabulum of Domination
 19044 | Lair:2   | Reached skill level 12 in Long Blades
 19361 | Lair:2   | Noticed a seven-headed hydra
 19369 | Lair:2   | Killed a three-headed hydra
 19475 | Lair:2   | Reached XP level 13. HP: 36/114 MP: 13/13
 20369 | Lair:3   | Reached skill level 13 in Long Blades
 20636 | Lair:3   | Found a staircase to the Snake Pit.
 20756 | Lair:3   | Received a gift from Trog
 20806 | Lair:3   | Found a staircase to the Swamp.
 22477 | Lair:5   | Noticed Urug
 22491 | Lair:5   | Killed Urug
 22491 | Lair:5   | Reached skill level 10 in Evocations
 22576 | Lair:5   | Reached skill level 14 in Long Blades
 23067 | Lair:5   | Found a runed translucent gate.
 23067 | Lair:5   | Found a runed translucent gate.
 23067 | Lair:5   | Found a runed translucent gate.
 23071 | Lair:5   | Noticed Acosmix's ghost (journeyman GrFi)
 23071 | Lair:5   | Noticed Veravecs's ghost (journeyman VSWn)
 23134 | Lair:5   | Killed Acosmix's ghost
 23134 | Lair:5   | Reached XP level 14. HP: 102/122 MP: 14/14
 23829 | Lair:6   | Entered Level 6 of the Lair of Beasts
 24061 | Lair:6   | Found a viscous altar of Jiyva.
 24061 | Lair:6   | Found a staircase to the Slime Pits.
 24904 | Lair:6   | Received a gift from Trog
 25371 | Lair:6   | Got an ancient bone ring
 25377 | Lair:6   | Identified the ring of Conformity {rF+ rN+} (You found it
                  | on level 6 of the Lair of Beasts)
 26294 | Orc:1    | Entered Level 1 of the Orcish Mines
 26294 | Orc:1    | Noticed Nergalle
 26298 | Orc:1    | Noticed Erolcha
 26307 | D:11     | Killed Nergalle
 26386 | Orc:1    | Killed Erolcha
 26451 | Orc:1    | Noticed Jorgrun
 26474 | Orc:1    | Killed Jorgrun
 26656 | Orc:1    | Noticed Josephine
 26677 | Orc:1    | Killed Josephine
 26677 | Orc:1    | Reached skill level 15 in Long Blades
 26685 | Orc:1    | Received a gift from Trog
 26997 | Orc:2    | Entered Level 2 of the Orcish Mines
 27063 | Orc:2    | Found a staircase to the Elven Halls.
 27324 | Orc:2    | Found a runed translucent door.
 27325 | Orc:2    | Noticed DDDD's ghost (journeyman MiBe)
 27340 | Orc:2    | Killed DDDD's ghost
 27777 | Orc:2    | Reached XP level 15. HP: 132/132 MP: 15/15
 27997 | Orc:2    | Received a gift from Trog
 28020 | Orc:2    | Noticed an orc warlord
 28492 | Orc:2    | Killed an orc warlord
 28931 | Orc:2    | Found Apiwk's Antique Armour Emporium.
 28932 | Orc:2    | Found Hytodih's Antique Weapon Shoppe.
 28933 | Orc:2    | Found Qaegeal's General Store.
 28933 | Orc:2    | Found Cilam's Jewellery Emporium.
 28940 | Orc:2    | Bought the ring "Gifilot" {rPois rN+ MP+9 Int+2 Stlth+} for
                  | 628 gold pieces
 29602 | D:12     | Received a gift from Trog
 30664 | D:13     | Found a gate to the Vaults.
 31014 | D:14     | Received a gift from Trog
 31050 | D:14     | Reached skill level 16 in Long Blades
 31261 | D:14     | Noticed Agnes
 31284 | D:14     | HP: 4/132 [Agnes/+0 lajatang (15)]
 31285 | D:14     | Mangled by Agnes

Illustrated notes

Levels and vault maps discovered:
D:1:      dpeg_arrival_arbitrary_a, layout_basic
D:2:      layout_loops_ring, minmay_door_square, grunt_decor_cap,
          minmay_tree_intersection
D:3:      layout_loops_corners, hellmonk_ghost_happy_afterlife, uniq_grinder
D:4:      layout_gridville, kennysheep_mini, serial_rivers,
          chequers_serial_rivers_micro_c, chequers_serial_rivers_small_3,
          chequers_serial_rivers_micro_a, chequers_serial_rivers_small_3,
          chequers_serial_rivers_small_3, chequers_serial_rivers_micro_b
D:5:      layout_loops_ring, minmay_temple_entry_wispy, minivault_23,
          trog_three_pillars_becter
D:6:      minmay_chambers_of_threes, layout_loops_cross
D:7:      layout_cave_pools, gammafunk_ghost_grave, eino_curves_02, uniq_joseph
D:8:      layout_loops_corners, nicolae_ru_awakened_eye,
          lemuel_coloured_pillars_altar, uniq_maggie, uniq_prince_ribbit1
D:9:      minmay_separated_statues, layout_irregular_city, ashenzari_altar_1,
          gammafunk_temple_overflow_statue, basic_altar, uniq_erica,
          uniq_maurice
D:10:     layout_irregular_city, due_lair_maze_entry_diamond, basic_altar
D:11:     layout_roguey, orc_0_dummy
D:12:     layout_roguey
D:13:     layout_rooms, erik_vaults_1, hangedman_incinerator
D:14:     layout_cave_pools, minmay_misc_feat_hallway, minmay_misc_feat_encased,
          lightli_wizard_tower, uniq_agnes
Temple:   compressed_dpeg_circular_temple
Lair:1:   layout_gridlike, minmay_lair_oklob_chamber, grunt_megastairs_2
Lair:2:   layout_long_grid, gauntlet_entry_generic
Lair:3:   layout_chaotic_city, minmay_swamp_entry_reptiles,
          minmay_snake_entry_six_corridors, grunt_forest_stairs_basic,
          lemuel_fruit_tree
Lair:4:   layout_roguey, eino_small_chamber_without_monster, grunt_megastairs_5
Lair:5:   layout_cave_pods, gammafunk_ghost_cemetery, grunt_megastairs_4,
          infiniplex_staircase_pool, uniq_urug
Lair:6:   minmay_lair_end_frog_pond, layout_cellular_growth,
          dpeg_slime_entry_enclosed_altar
Orc:1:    layout_caves, uniq_nergalle, uniq_jorgrun, uniq_josephine,
          uniq_erolcha
Orc:2:    st_orc_congregation, layout_caves, ebering_ghost_inner_flame

Skill      XL: |  1  2  3  4  5  6  7  8  9 10 11 12 13 14 15 |
---------------+----------------------------------------------+-----
Dodging        | 3 4 5 6 7 8 9 10 11 12 13 | 13.5
Fighting       | 4 5 6 7 8 9 10 12 | 12.1
Throwing       | 1 2 3 5 6 |  6.4
Long Blades    | 4 5 6 7 9 10 12 14 15 16 | 16.0
Stealth        | 2 4 5 |  5.0
Shields        | 3 5 7 |  7.6
Evocations     | 2 5 8 10 | 10.3

Action                   |  1- 3 |  4- 6 |  7- 9 | 10-12 | 13-15 || total
-------------------------+-------+-------+-------+-------+-------++-------
Melee: Falchion          |    74 |   175 |   192 |   477 |       ||   918
       Tailslap          |     7 |    28 |    71 |   170 |   264 ||   540
       Long sword        |       |       |   182 |       |       ||   182
       Scimitar          |       |       |       |   181 |  1333 ||  1514
       Demon blade       |       |       |       |       |    45 ||    45
Throw: Throwing net      |       |       |     1 |       |       ||     1
Invok: Berserk           |     2 |     3 |     7 |     9 |    11 ||    32
       Trog's Hand       |       |       |     1 |     2 |     2 ||     5
 Abil: Breathe Dispellin |       |       |     1 |       |       ||     1
Evoke: Wand              |       |       |       |     4 |     7 ||    11
       Box of beasts     |       |       |       |       |     1 ||     1
       Phial of floods   |       |       |       |       |     1 ||     1
  Use: Potion            |     1 |       |       |     1 |     4 ||     6
       Scroll            |       |     3 |    19 |    16 |    11 ||    49
 Stab: Held in net/web   |       |       |     1 |       |       ||     1
       Sleeping          |       |       |     8 |    14 |    15 ||    37
       Distracted        |       |       |       |     4 |     1 ||     5
       Petrified         |       |       |       |       |     1 ||     1
       Paralysed         |       |       |       |       |     6 ||     6
Armor: Skin              |    20 |    56 |    91 |   128 |   266 ||   561
Dodge: Dodged            |    46 |   115 |   245 |   429 |   870 ||  1705
Block: Buckler           |       |       |       |   133 |   274 ||   407
       Rpst.: Falchion   |    17 |    32 |    52 |    80 |       ||   181
       Long sword        |       |       |    28 |       |       ||    28
       Scimitar          |       |       |       |    43 |   217 ||   260
       Demon blade       |       |       |       |       |     9 ||     9

Table legend: (Time is in decaauts)
 A = Elapsed time spent in this place.
 B = Non-inter-level travel time spent in this place.
 C = Inter-level travel time spent in this place.
 D = Time resting spent in this place.
 E = Time spent auto-exploring this place.
 F = Levels seen in this place.
 G = Mean time per level.
                   A        B        C        D        E       F      G
               +--------+--------+--------+--------+--------+-----+--------+
         Total |  31142 |  30396 |    746 |  11757 |  12012 |  24 | 1297.6 |
       Dungeon |  18442 |  17991 |    451 |   6677 |   7757 |  14 | 1317.3 |
        Temple |    108 |    100 |      8 |      0 |     99 |   1 |  108.0 |
          Lair |   8899 |   8686 |    213 |   3515 |   3486 |   6 | 1483.2 |
  Orcish Mines |   2629 |   2555 |     74 |   1063 |    539 |   2 | 1314.5 |
      Gauntlet |   1061 |   1061 |      0 |    501 |    131 |   1 | 1061.0 |
               +--------+--------+--------+--------+--------+-----+--------+

Top non-repeatable levels by time:
     D:9: 2458 daAuts
     D:6: 2302 daAuts
  Lair:6: 2255 daAuts
    D:11: 1706 daAuts
     D:8: 1630 daAuts
  Lair:1: 1628 daAuts
     D:2: 1525 daAuts
   Orc:2: 1494 daAuts
  Lair:5: 1419 daAuts
     D:5: 1403 daAuts
     D:4: 1402 daAuts
  Lair:3: 1319 daAuts
  Lair:2: 1228 daAuts
    D:10: 1206 daAuts
   Orc:1: 1135 daAuts
